 Dungeon Crawl Stone Soup version 0.31-a0-523-g071a6c1ffa (webtiles) character file.

Game seed: 5151728193630094924

257 MacCMillion the Ruffian (level 5, -5/46 HPs)
             Began as a Draconian Shapeshifter on Aug 11, 2023.
             Slain by an iguana (12 damage)
             ... on level 4 of the Dungeon.
             The game lasted 00:04:52 (3610 turns).

MacCMillion the Ruffian (Draconian Shapeshifter)    Turns: 3610, Time: 00:04:53

Health: -5/46      AC:  5    Str: 19    XL:     5   Next: 93%
Magic:  5/5        EV: 12    Int:  9    God:
Gold:   129        SH:  0    Dex: 11    Spells: 4/4 levels left

rFire   . .          .
                       - Unarmed
rCold   . . .        (no shield)
rNeg    . . .        (body armour unavailable)
rPois   .            (helmet currently unavailable)
rElec   .            (cloak currently unavailable)
rCorr   .            (gloves currently unavailable)
SInv    .            (boots currently unavailable)
Will    .....        (no amulet)
Stlth   +            (no ring)
HPRegen 0.27/turn    (no ring)
MPRegen 0.09/turn

%: no passive effects
@: beast-form
A: beast (slay +2), AC +5, unfitting armour, cold-blooded
a: Begin Untransformation


You were on level 4 of the Dungeon.
You were a hulking beast.
You visited 1 branch of the dungeon, and saw 4 of its levels.

You collected 129 gold pieces.

Inventory:

Missiles
 t - 2 poisoned darts
Talismans
 b - a beast talisman (active)
 c - a flux talisman
Wands
 q - a wand of roots (6)
Scrolls
 d - a scroll of acquirement {unknown}
 e - 2 scrolls of identify {unknown}
 i - a scroll of teleportation {unknown}
 k - a scroll of blinking {unknown}
 l - a scroll of vulnerability {unknown}
 m - a scroll of fear {unknown}
 o - a scroll of silence {unknown}
Potions
 a - a potion of lignification
 f - 3 potions of mutation {unknown}
 g - 2 potions of heal wounds {unknown}
 h - 3 potions of curing {unknown}
 j - a potion of might {unknown}
 n - a potion of attraction {unknown}
 p - a potion of ambrosia {unknown}
 r - a potion of degeneration {unknown}
 s - a potion of berserk rage {unknown}


   Skills:
 + Level 3.7 Fighting
 - Level 1.7 Dodging
 * Level 5.7 Unarmed Combat
 - Level 3.0 Shapeshifting


You had 4 spell levels left.
You didn't know any spells.
Your spell library contained the following spells:

 Spells                   Type           Power      Damage    Failure   Level
 Vhi's Electric Charge    Tloc/Air       0%         N/A       77%         3
 Arcjolt                  Conj/Air       0%         1d10      100%        5
 Plasma Beam              Fire/Air       0%         2x1d10    100%        6


Dungeon Overview and Level Annotations

Branches:
Dungeon (4/15)
 Temple: D:4-7

Altars:
Gozag
Ru
Sif Muna
Trog
Uskayaw

Shops:
D:3 [

Annotations:
D:2 1 runed translucent door, Crazy Yiuf
D:4 3 runed translucent doors, dcssisdead's ghost, amateur HuBr


Innate Abilities, Weirdness & Mutations

You are a hulking beast.
Your limbs bulge with bestial killing power. (Slay +2)
Your plain brown scales are hard. (AC +5)
You cannot fit into any form of body armour.
You are cold-blooded and may be slowed by cold attacks.


Message History

You kill Dowan!
Things that are here:
a +2 vampiric dagger; a +0 robe; the elf corpse of Dowan You start resting.
HP restored.
There is a stone staircase leading up, spattered with blood here.
Things that are here:
a +0 chain mail; a +0 short sword; the elf skeleton of Duvessa
Found a runed translucent gate.
Found an opulent altar of Gozag.
The hobgoblin shouts!
Dcssisdead's ghost turns its malevolent gaze towards you.
You hear a shout!
The bullfrog croaks.
An iguana comes into view.
The iguana hisses angrily.
The iguana bites you.
You hit the iguana.
The iguana is lightly wounded.
The iguana bites you!
Dcssisdead's ghost wails, "Do you think the gods will protect you?"
You closely miss the iguana.
The iguana is lightly wounded.
The iguana bites you!
You hit the iguana.
Your tail-slap misses the iguana.
Your punch misses the iguana.
The iguana is moderately wounded.
The iguana closely misses you.
You barely miss the iguana.
The iguana is moderately wounded.
The iguana bites you!
You are too injured to fight recklessly!
You barely miss the iguana. You tail-slap the iguana.
The iguana is heavily wounded.
The iguana bites you!
* * * LOW HITPOINT WARNING * * *
You closely miss the iguana.
You tail-slap the iguana, but do no damage.
The iguana is heavily wounded.
The iguana attacks as you move away! The iguana bites you!
You die...

#. #.# #.# #### #.#
#..# ########.# #..#
.<[...##.# #..#
#####.##.#####..####.#
# #.##........hl...#
#####.##..####..######
............##..#
#####...........#
###+++#####.#
##KF.FW## #.. ..._.$$#
#### #8$$8$.8#
#...$...#


You could see a bullfrog, an iguana and dcssisdead's ghost.

Vanquished Creatures
  Duvessa (D:4)
  Dowan (D:4)
  Jessica (D:3)
  3 adders
  A worm (D:2)
  2 dart slugs (D:3)
  3 orcs (D:3)
  4 endoplasms
  2 giant cockroaches
  6 goblins
  7 hobgoblins
  3 jackals (D:3)
  3 quokkas
  4 ball pythons
  6 bats
  3 frilled lizards
  2 kobolds (D:3)
  3 rats
55 creatures vanquished.

Notes
Turn   | Place    | Note
-------+----------+-------------------------------------------
     0 | D:1      | MacCMillion the Draconian Shapeshifter began the quest for
                  | the Orb.
     0 | D:1      | Reached XP level 1. HP: 16/16 MP: 1/1
   822 | D:1      | Reached XP level 2. HP: 16/23 MP: 2/2
  1222 | D:2      | Reached XP level 3. HP: 29/29 MP: 3/3
  1601 | D:2      | Reached skill level 4 in Unarmed Combat
  2147 | D:2      | Found a faded altar of an unknown god.
  2261 | D:2      | Found a runed translucent door.
  2262 | D:2      | Noticed Crazy Yiuf
  2451 | D:3      | Found Sydas's Antique Armour Shoppe.
  2548 | D:3      | Found a shimmering blue altar of Sif Muna.
  2549 | D:3      | Found a hide-covered altar of Uskayaw.
  2552 | D:3      | Found a bloodstained altar of Trog.
  2552 | D:3      | Found a sacrificial altar of Ru.
  2579 | D:3      | Reached XP level 4. HP: 31/37 MP: 4/4
  2878 | D:3      | Noticed Jessica
  2889 | D:3      | Killed Jessica
  3094 | D:4      | Noticed Dowan
  3096 | D:4      | Noticed Duvessa
  3242 | D:4      | Killed Duvessa
  3243 | D:4      | Reached skill level 5 in Unarmed Combat
  3243 | D:4      | Reached XP level 5. HP: 8/45 MP: 5/5
  3529 | D:4      | Killed Dowan
  3586 | D:4      | Found a runed translucent gate.
  3588 | D:4      | Found an opulent altar of Gozag.
  3589 | D:4      | Found a runed translucent gate.
  3590 | D:4      | Found a runed translucent gate.
  3591 | D:4      | Noticed dcssisdead's ghost (amateur HuBr)
  3610 | D:4      | Slain by an iguana

Illustrated notes

Levels and vault maps discovered:
D:1:      lightli_arrival_lavapool, layout_loops_corners, nrook_uturn,
          minivault_24
D:2:      layout_loops_corners, ebering_ecumenical_altar_mist,
          kennysheep_small_spiral, minmay_vboxes, uniq_crazy_yiuf_cottage
D:3:      layout_basic, mainiacjoe_overflow_alcove_3, serial_shops, shop,
          uniq_jessica
D:4:      layout_loops_ring, nicolae_gozag_cash_rules_everything_around_me,
          ebering_ghost_gozag, serial_shops, nicolae_shop_rolled_up,
          minmay_manual_macuahuitl, uniq_robin, uniq_duvessa

Skill      XL: |  1  2  3  4 |
---------------+-------------+-----
Fighting       | 2 3 |  3.7
Unarmed Combat | 4 5 |  5.7
Dodging        | |  1.7
Shapeshifting  | |  3.0

Action                     |  1- 3 |  4- 6 || total
---------------------------+-------+-------++-------
  Melee: Unarmed           |    96 |    75 ||   171
         Tailslap          |     9 |    14 ||    23
         Punch             |     2 |     3 ||     5
   Stab: Sleeping          |     1 |       ||     1
 Armour: Skin              |    11 |    10 ||    21
  Dodge: Dodged            |    52 |    47 ||    99

Table legend: (Time is in decaauts)
 A = Elapsed time spent in this place.
 B = Non-inter-level travel time spent in this place.
 C = Inter-level travel time spent in this place.
 D = Time resting spent in this place.
 E = Time spent auto-exploring this place.
 F = Levels seen in this place.
 G = Mean time per level.
                   A        B        C        D        E       F      G
               +--------+--------+--------+--------+--------+-----+--------+
         Total |   3599 |   3530 |     69 |    753 |   2199 |   4 |  899.8 |
       Dungeon |   3599 |   3530 |     69 |    753 |   2199 |   4 |  899.8 |
               +--------+--------+--------+--------+--------+-----+--------+

Top non-repeatable levels by time:
     D:2: 1354 daAuts
     D:1: 1057 daAuts
     D:3: 1048 daAuts
     D:4: 138 daAuts
